 Dungeon Crawl Stone Soup version 0.23.2-30-g0e89c35649 (webtiles) character file.

Game seed: 5743393488278399461

751 lepoulpe303 the Grave Robber (level 7, -2/63 HPs)
             Began as a Deep Dwarf Necromancer on June 20, 2019.
             Shot with a sling bullet by a human (3 damage)
             ... on level 6 of the Dungeon.
             The game lasted 00:44:11 (7035 turns).

lepoulpe303 the Grave Robber (DDNe)                 Turns: 7035, Time: 00:44:12

Health: -2/63      AC:  3    Str: 11    XL:     7   Next: 49%
Magic:  11/11      EV: 13    Int: 18    God:
Gold:   248        SH:  0    Dex: 13    Spells: 3/12 levels left

rFire    . . .     SeeInvis .   a - +0 rapier
rCold    . . .     Gourm    .   (no shield)
rNeg     . . .     Faith    .   j - +0 robe
rPois    .         Spirit   .   (no helmet)
rElec    .         Reflect  .   (no cloak)
rCorr    +         Harm     .   (no gloves)
MR       +....                  y - +0 pair of boots
Stlth    ++++......             (no amulet)
HPRegen  0.00/turn              C - ring of resist corrosion
MPRegen  0.12/turn              F - ring of stealth {Stlth+}

@: non-regenerating
A: damage resistance, heal wounds, sense surroundings 1, no regeneration
a: Heal Wounds


You were on level 6 of the Dungeon.
You were not hungry.

You visited 1 branch of the dungeon, and saw 6 of its levels.

You collected 248 gold pieces.

Inventory:

Hand Weapons
 a - a +0 rapier (weapon)
 t - a +0 dagger of freezing
Missiles
 c - 6 tomahawks (quivered)
 v - a throwing net {=f}
 Q - 95 stones
Armour
 j - a +0 robe (worn)
 y - a +0 pair of boots (worn)
Magical Staves
 E - an uncursed staff of poison {rPois}
Jewellery
 x - an uncursed ring of resist corrosion
 C - a ring of resist corrosion (left hand)
 F - a ring of stealth (right hand) {Stlth+}
Wands
 r - a wand of disintegration (13)
 B - a wand of flame (12)
Scrolls
 b - 3 scrolls of teleportation {unknown}
 d - 2 scrolls of enchant weapon {unknown}
 i - 2 scrolls of identify
 k - 2 scrolls of amnesia {unknown}
 m - 2 scrolls of blinking {unknown}
 s - a scroll of noise {unknown}
 u - a scroll of magic mapping {unknown}
 w - 2 scrolls of remove curse
 z - a scroll of enchant armour {unknown}
 A - a scroll of fog {unknown}
 G - a scroll of acquirement {unknown}
Potions
 f - 2 potions of flight
 h - 2 potions of haste
 l - 2 potions of heal wounds
 n - a potion of resistance
 o - 2 potions of cancellation
 p - a potion of magic
 q - 2 potions of curing
 D - a potion of berserk rage {!q}
Comestibles
 e - 7 rations


   Skills:
 * Level 3.7 Fighting
 + Level 2.1 Short Blades
 + Level 3.7 Dodging
 + Level 4.6 Stealth
 * Level 3.1 Spellcasting
 * Level 6.1 Necromancy


You had 3 spell levels left.
You knew the following spells:

 Your Spells              Type           Power        Failure   Level  Hunger
a - Pain                  Necr           ####         1%          1    None
b - Animate Dead          Necr           N/A          13%         4    ####...
x - Vampiric Draining     Necr           ####......   3%          3    ###....
A - Animate Skeleton      Necr           N/A          1%          1    None

Your spell library contained the following spells:

 Spells                   Type           Power        Failure   Level  Hunger
 Regeneration             Chrm/Necr      Unusable     N/A         3    N/A

Dungeon Overview and Level Annotations

Branches:
Dungeon (6/15)
 Temple: D:4-7

Altars:
Hepliaklqana
Nemelex Xobeh
Ru
Uskayaw
Xom


Innate Abilities, Weirdness & Mutations

You are resistant to damage.
You can heal yourself by infusing magical energy.
You passively map a small area around you.
You do not regenerate.


Message History

Things that are here:
an uncursed amulet of rage; a +0 ring mail; a +0 short sword All of the chunks of flesh in your inventory have rotted away.
There is a stone staircase leading down here.
You climb downwards.
There is a stone staircase leading up here.
A human comes into view. It is wielding a +0 hunting sling.
Found a stone staircase leading down.
The human shouts!
You hear a shout! x2
The human shoots a sling bullet.
The sling bullet hits you!
* * * LOW HITPOINT WARNING * * *
You see here a sling bullet.
You take 8 damage, and have 6/63 hp.
The human shoots a sling bullet.
The sling bullet barely misses you.
The human shoots a sling bullet.
The sling bullet hits you.
* * * LOW HITPOINT WARNING * * *
You see here a sling bullet.
You take 5 damage, and have 1/63 hp.
The human shoots a sling bullet.
The sling bullet hits you.
You die...

#.Z.##...............##.....
#.<##.........[......###.........
#...((##.........#....#*....#....
#..#.............#...## ...#....
#..............###..####.........
#............!.###...#..#........
............(...#................
...............##................
............(..#@..<....... . #..
..........(...................#..
.............................#
........#..........#).....o..#
.........W........####..##.... ,
..>..Z.p.....#....#* ...#.....
,.................... ....... ,
.........###.....##..##..#...#
,,,.........# #...#.# ..#...###.#


You could see a phantom and a human.

Levels and vault maps discovered:
D:1:      minmay_arrival_arboretum_small, layout_basic
D:2:      layout_basic, first_ration
D:3:      layout_basic, serial_bayou_crossing
D:4:      layout_basic, minitemple, minmay_quadrilaterals
D:5:      layout_basic
D:6:      layout_cave_pools, nrook_mini_vaults, minmay_ruffians

Notes
Turn   | Place    | Note
-------+----------+-------------------------------------------
     0 | D:1      | lepoulpe303 the Deep Dwarf Necromancer began the quest for
                  | the Orb.
     0 | D:1      | Reached XP level 1. HP: 15/15 MP: 3/3
    93 | D:1      | Identified a +0 club
   222 | D:1      | Identified a +0 club
   263 | D:1      | Reached XP level 2. HP: 24/24 MP: 2/4
   392 | D:1      | You fall through a shaft!
   409 | D:2      | Identified a +0 dagger
   483 | D:2      | Reached skill level 1 in Fighting
   483 | D:2      | Reached skill level 2 in Spellcasting
   573 | D:2      | HP: 6/25 [adder (3)]
   576 | D:2      | HP: 2/25 [adder (3)]
   584 | D:2      | Reached skill level 3 in Stealth
   584 | D:2      | Reached XP level 3. HP: 3/31 MP: 0/6
   604 | D:2      | Learned a level 3 spell: Vampiric Draining
  1158 | D:2      | Identified a +0 rapier (You found it on level 2 of the
                  | Dungeon)
  1249 | D:2      | Reached XP level 4. HP: 32/39 MP: 0/7
  1399 | D:2      | Identified a +0 dagger
  1730 | D:1      | Identified a +0 dagger
  1735 | D:1      | Learned a level 1 spell: Animate Skeleton
  1816 | D:1      | Identified a +0 club
  1852 | D:1      | Identified a cursed -1 club
  1904 | D:1      | Identified a +0 dagger
  1945 | D:1      | Reached skill level 2 in Fighting
  1946 | D:1      | Identified a +0 club
  2243 | D:3      | Identified a +0 club
  2579 | D:3      | Identified a +0 club
  2593 | D:3      | Reached skill level 1 in Short Blades
  2593 | D:3      | Reached skill level 5 in Necromancy
  2593 | D:3      | Reached XP level 5. HP: 28/45 MP: 2/8
  2776 | D:3      | Identified a +0 war axe
  2777 | D:3      | Identified a +0 hand axe
  2777 | D:3      | Identified a +0 scale mail
  2778 | D:3      | Identified a +0 short sword
  2791 | D:3      | Identified a +0 club
  3047 | D:3      | Identified a +0 dagger
  3047 | D:3      | Identified a +0 leather armour
  3047 | D:3      | Identified a +0 dagger of freezing
  3055 | D:3      | Identified a +0 dagger
  3170 | D:3      | Identified a +0 club
  3176 | D:3      | Reached skill level 3 in Dodging
  3639 | D:4      | Identified a +0 dagger
  3639 | D:4      | Identified a +0 robe
  3640 | D:4      | Identified a +0 mace
  3641 | D:4      | Identified a +0 flail
  3642 | D:4      | Identified a +0 dagger
  3642 | D:4      | Identified a +0 robe
  3988 | D:4      | Identified a +0 pair of boots (You found it on level 4 of
                  | the Dungeon)
  4105 | D:4      | Found a sparkling altar of Nemelex Xobeh.
  4108 | D:4      | Found a hide-covered altar of Uskayaw.
  4109 | D:4      | Found a hazy altar of Hepliaklqana.
  4113 | D:4      | Found a sacrificial altar of Ru.
  4114 | D:4      | Found a shimmering altar of Xom.
  4144 | D:4      | Identified a +0 flail
  4208 | D:4      | Reached XP level 6. HP: 29/55 MP: 1/9
  4390 | D:4      | Identified a +0 whip
  4396 | D:4      | Identified a +0 hand axe
  4396 | D:4      | Identified a +0 short sword
  4418 | D:4      | HP: 3/55 [orc priest/divine providence (15)]
  4450 | D:4      | HP: 5/55 [orc priest/nerve-wracking pain (2)]
  4737 | D:4      | Reached skill level 4 in Stealth
  5050 | D:4      | Reached skill level 3 in Fighting
  5340 | D:5      | Entered Level 5 of the Dungeon
  5407 | D:5      | Identified a +0 falchion
  5407 | D:5      | Identified a +0 ring mail
  5452 | D:5      | Learned a level 4 spell: Animate Dead
  5635 | D:5      | Identified a +0 flail
  5636 | D:5      | Identified a +0 dagger
  5636 | D:5      | Identified a +0 robe
  5652 | D:5      | Identified a +0 short sword
  5652 | D:5      | Identified a +0 ring mail
  5861 | D:5      | Reached XP level 7. HP: 61/62 MP: 1/11
  5963 | D:5      | Identified an uncursed amulet of rage
  6102 | D:5      | Reached skill level 2 in Short Blades
  6329 | D:6      | Identified a +0 spear
  6329 | D:6      | Identified a +0 whip
  6524 | D:6      | Identified 10 scrolls of identify
  6524 | D:6      | Identified a ring of resist corrosion (You found it on
                  | level 2 of the Dungeon)
  6525 | D:6      | Identified 2 potions of heal wounds
  6526 | D:6      | Identified 2 potions of haste
  6527 | D:6      | Identified 2 potions of cancellation
  6528 | D:6      | Identified 2 potions of flight
  6529 | D:6      | Identified 2 potions of curing
  6530 | D:6      | Identified a potion of magic
  6532 | D:6      | Identified a potion of resistance
  6533 | D:6      | Identified 3 scrolls of remove curse
  6564 | D:6      | Reached skill level 3 in Spellcasting
  6564 | D:6      | Reached skill level 6 in Necromancy
  6657 | D:6      | Identified a +0 war axe
  6657 | D:6      | Identified a +0 plate armour
  6661 | D:6      | Identified a +2 trident of protection
  6661 | D:6      | Identified a +0 ring mail
  6661 | D:6      | Identified a +0 dagger
  6661 | D:6      | Identified a +0 robe
  6678 | D:6      | Identified a +0 dagger
  6678 | D:6      | Identified a cursed +0 robe
  6682 | D:6      | HP: 10/63 [orc warrior/tomahawk (15)]
  6683 | D:6      | Identified a +0 club
  6683 | D:6      | Identified a +0 animal skin
  6683 | D:6      | Noticed a human
  6704 | D:6      | Identified a ring of stealth (You found it on level 6 of
                  | the Dungeon)
  7026 | D:6      | Identified a +0 hunting sling
  7026 | D:6      | Identified a +0 leather armour
  7026 | D:6      | Noticed a human
  7029 | D:6      | HP: 6/63 [human/sling bullet (8)]
  7031 | D:6      | HP: 1/63 [human/sling bullet (5)]
  7035 | D:6      | Shot with a sling bullet by a human

Table legend:
 A = Turns spent in this place as a percentage of turns spent in the entire game.
 B = Non-inter-level travel turns spent in this place as a percentage of non-inter-level travel turns spent in the entire game.
 C = Inter-level travel turns spent in this place as a percentage of turns spent in this place.
 D = Turns resting spent in this place as a percentage of non-inter-level travel turns spent in this place.
 E = Turns spent auto-exploring this place as a percentage of non-inter-level travel turns spent in this place.
 F = Non-inter-level travel turns spent in this place divided by the number of levels of this place that you've seen.
                   A       B       C       D       E      F
               +-------+-------+-------+-------+-------+----------------------
         Total | 100.0 | 100.0 |   7.3 |  27.4 |  42.3 | 1087.0
       Dungeon | 100.0 | 100.0 |   7.3 |  27.4 |  42.3 | 1087.0
               +-------+-------+-------+-------+-------+----------------------

Table legend:
 A = Kills in this place as a percentage of kills in entire the game.
 B = Kills by you in this place as a percentage of kills by you in the entire game.
 C = Kills by friends in this place as a percentage of kills by friends in the entire game.
 D = Other kills in this place as a percentage of other kills in the entire game.
 E = Experience gained in this place as a percentage of experience gained in the entire game.
 F = Experience gained in this place divided by the number of levels of this place that you have seen.
                   A       B       C       D       E      F
               +-------+-------+-------+-------+-------+----------------------
         Total | 100.0 | 100.0 |   N/A |   N/A | 100.0 | 178.8
       Dungeon | 100.0 | 100.0 |   N/A |   N/A | 100.0 | 178.8
               +-------+-------+-------+-------+-------+----------------------

Skill      XL: |  1  2  3  4  5  6  7 |
---------------+----------------------+-----
Fighting       | 1 2 3 |  3.7
Spellcasting   | 2 3 |  3.1
Stealth        | 3 4 |  4.6
Short Blades   | 1 2 |  2.1
Necromancy     | 5 6 |  6.1
Dodging        | 3 |  3.7

Action                   |  1- 3 |  4- 6 |  7- 9 || total
-------------------------+-------+-------+-------++-------
Melee: Unarmed           |     2 |       |       ||     2
       Rapier            |     1 |   132 |    21 ||   154
 Cast: Pain              |    45 |    19 |    10 ||    74
       Vampiric Draining |    16 |    70 |    15 ||   101
       Animate Skeleton  |       |     2 |       ||     2
Evoke: Wand              |       |     3 |       ||     3
  Use: Scroll            |       |       |     9 ||     9
 Stab: Sleeping          |       |     7 |       ||     7
  Eat: Chunk             |     1 |    15 |     5 ||    21
       Ration            |     1 |     2 |       ||     3
Armor: Robe              |    62 |    32 |     3 ||    97
Dodge: Dodged            |   206 |   193 |    26 ||   425

Vanquished Creatures
  A water moccasin (D:6)
  A scorpion (D:4)
  A jelly (D:5)
  2 orc priests
  An iguana (D:6)
  3 orc wizards
  7 worker ants
  2 gnolls (D:5)
  9 adders
  3 oozes
  A dart slug (D:3)
  4 leopard geckos
  14 orcs
  4 giant cockroaches
  8 goblins
  11 hobgoblins
  10 jackals
  3 kobolds
  3 quokkas
  4 ball pythons
  9 bats
  4 frilled lizards
  8 rats
113 creatures vanquished.
